 Dungeon Crawl Stone Soup version 0.26.1-2-gb8aa6d0cf2 (webtiles) character file.

Game seed: 5559695619511652347

101028 growler the Stormcaller (level 16, -16/104 HPs)
             Began as a Tengu Air Elementalist on Mar 4, 2021.
             Was an Elder of Sif Muna.
             Killed from afar by Nikola (24 damage)
             ... with a chain lightning
             ... on level 1 of the Swamp on Mar 6, 2021.
             The game lasted 02:11:02 (52053 turns).

growler the Stormcaller (Tengu Air Elementalist)   Turns: 52053, Time: 02:11:03

Health: -16/104    AC:  8    Str:  9    XL:     16   Next: 29%
Magic:  16/30      EV: 28    Int: 28    God:    Sif Muna [****..]
Gold:   1402       SH:  5    Dex: 15    Spells: 3/33 levels left

rFire    . . .     SeeInvis .   E - +2 demon blade (elec)
rCold    . . .     Faith    .   l - +0 buckler {reflect}
rNeg     . . .     Spirit   .   R - +1 leather armour {rPois}
rPois    +         Reflect  +   U - +2 hat
rElec    .         Harm     .   K - +0 cloak
rCorr    .         Rampage  .   A - +0 pair of gloves
Will     +....                  (boots unavailable)
Stlth    ++........             Z - amulet of the acrobat
HPRegen  0.27/turn              j - +4 ring of evasion
MPRegen  0.22/turn              m - +6 ring of intelligence

@: flying quickly and evasively, quick
A: beak, talons 3, able to fly
a: Stop Flying, Renounce Religion, Channel Magic, Forget Spell, Divine Exegesis


You were on level 1 of the Swamp.
You worshipped Sif Muna.
Sif Muna was greatly pleased with you.
You visited 5 branches of the dungeon, and saw 25 of its levels.

You collected 2233 gold pieces.
You spent 831 gold pieces at shops.

Inventory:

Hand Weapons
 E - a +2 demon blade of electrocution (weapon)
   (You found it on level 5 of the Lair of Beasts)
Missiles
 C - a throwing net {!f}
Armour
 l - a +0 buckler of reflection (worn)
   (You bought it in a shop on level 2 of the Orcish Mines)
 s - +0 steam dragon scales
   (You found it on level 6 of the Lair of Beasts)
 A - a +0 pair of gloves (worn)
   (You bought it in a shop on level 2 of the Orcish Mines)
 K - a +0 cloak (worn)
   (You took it off Maurice on level 11 of the Dungeon)
 R - a +1 leather armour of poison resistance (worn)
   (You found it on level 2 of the Lair of Beasts)
 U - a +2 hat (worn)
   (You took it off Gastronok on level 3 of the Lair of Beasts)
Magical Staves
 y - an uncursed staff of fire
   (You found it on level 7 of the Dungeon)
 J - an uncursed staff of poison
   (You found it on level 11 of the Dungeon)
Jewellery
 i - an uncursed ring of protection from fire
   (You found it on level 2 of the Orcish Mines)
 j - a +4 ring of evasion (left hand)
   (You found it on level 4 of the Dungeon)
 k - an uncursed ring of fire
   (You found it on level 4 of the Dungeon)
 m - a +6 ring of intelligence (right hand)
   (You found it on level 6 of the Lair of Beasts)
 z - an uncursed ring of see invisible
   (You found it on level 3 of the Lair of Beasts)
 F - an uncursed ring of wizardry
   (You found it on level 9 of the Dungeon)
 I - an uncursed amulet of guardian spirit
   (You found it on level 5 of the Lair of Beasts)
 N - a +4 ring of protection
   (You found it on level 1 of the Lair of Beasts)
 X - an uncursed ring of willpower
   (You found it on level 4 of the Lair of Beasts)
 Z - an amulet of the acrobat (around neck)
   (You found it on level 4 of the Lair of Beasts)
Wands
 a - a wand of polymorph (7)
   (You found it on level 5 of the Lair of Beasts)
 c - a wand of disintegration (1)
   (You took it off Maurice on level 11 of the Dungeon)
 d - a wand of iceblast (5)
   (You took it off an orc on level 8 of the Dungeon)
 e - a wand of enslavement (3)
   (You found it on level 5 of the Lair of Beasts)
 t - a wand of flame (34)
   (You took it off an orc on level 9 of the Dungeon)
 u - a wand of paralysis (40)
   (You found it on level 3 of the Dungeon)
 v - a wand of digging (5)
   (You took it off Fannar on level 9 of the Dungeon)
 x - a wand of acid (17)
   (You found it on level 6 of the Dungeon)
Scrolls
 b - 11 scrolls of teleportation {@r4}
 g - 2 scrolls of fear
 n - 12 scrolls of remove curse {@r2}
 o - 2 scrolls of blinking
 w - 10 scrolls of identify {@r1}
 H - 4 scrolls of enchant armour
 M - 4 scrolls of magic mapping
 O - 4 scrolls of fog
 Q - 3 scrolls of immolation {!r}
 W - 4 scrolls of amnesia
 Y - 3 scrolls of holy word
Potions
 f - 5 potions of haste {@q3}
 h - 5 potions of might
 p - 2 potions of cancellation
 r - 13 potions of curing {@q1}
 B - 9 potions of heal wounds {@q2}
 D - a potion of attraction {!q}
 G - 2 potions of ambrosia
 L - 6 potions of lignification {!q}
 P - a potion of brilliance
 S - a potion of magic
 T - 3 potions of berserk rage
 V - a potion of mutation {!q}


   Skills:
 + Level 13.4 Fighting
 - Level 3.0 Long Blades
 - Level 13.0 Dodging
 - Level 2.0 Stealth
 - Level 4.0 Shields
 - Level 9.0 Spellcasting
 + Level 14.5 Conjurations
 - Level 3.0 Hexes
 - Level 4.0 Translocations
 - Level 6.0 Fire Magic
 + Level 17.5 Air Magic


You had 3 spell levels left.
You knew the following spells:

 Your Spells              Type           Power        Failure   Level
a - Shock                 Conj/Air       100%         0%          1
b - Airstrike             Air            42%          1%          4
c - Lightning Bolt        Conj/Air       40%          1%          5
d - Static Discharge      Conj/Air       80%          1%          3
e - Inner Flame           Hex/Fire       37%          3%          3
f - Mephitic Cloud        Conj/Pois/Air  64%          1%          3
g - Blink                 Tloc           N/A          1%          2
s - Swiftness             Air            84%          0%          2
z - Orb of Destruction    Conj           38%          14%         7

Your spell library contained the following spells:

 Spells                   Type           Power        Failure   Level
 Magic Dart               Conj           100%         0%          1
 Corona                   Hex            32%          1%          1
 Poisonous Vapours        Pois/Air       100%         1%          2
 Searing Ray              Conj           100%         1%          2
 Conjure Flame            Conj/Fire      63%          1%          3
 Dazzling Flash           Conj/Hex       100%         1%          3
 Slow                     Hex            29%          2%          2
 Ensorcelled Hibernation  Hex/Ice        42%          4%          2
 Confusing Touch          Hex            29%          5%          3
 Tukima's Dance           Hex            29%          5%          3
 Animate Skeleton         Necr           24%          6%          1
 Beastly Appendage        Tmut           24%          6%          1
 Freeze                   Ice            48%          6%          1
 Pain                     Necr           48%          6%          1
 Summon Small Mammal      Summ           48%          6%          1
 Call Imp                 Summ           12%          10%         2
 Wereblood                Tmut           12%          10%         2
 Summon Guardian Golem    Hex/Summ       21%          10%         3
 Call Canine Familiar     Summ           12%          19%         3
 Spider Form              Tmut/Pois      6%           19%         3
 Vampiric Draining        Necr           6%           19%         3
 Iskenderun's Mystic Bla  Conj/Tloc      59%          1%          4
 Sticky Flame             Conj/Fire      63%          1%          4
 Summon Lightning Spire   Summ/Air       58%          1%          4
 Iskenderun's Battlesphe  Conj           76%          1%          5
 Conjure Ball Lightning   Conj/Air       40%          1%          6
 Silence                  Hex/Air        31%          2%          5
 Hailstorm                Conj/Ice       52%          3%          4
 Irradiate                Conj/Tmut      26%          9%          5
 Bolt of Magma            Conj/Fire/Erth 25%          11%         5
 Freezing Cloud           Conj/Ice/Air   32%          12%         6
 Cause Fear               Hex            14%          19%         4
 Iron Shot                Conj/Erth      26%          43%         6
 Chain Lightning          Conj/Air       40%          50%         8
 Animate Dead             Necr           6%           52%         4
 Ice Form                 Ice/Tmut       12%          52%         4
 Petrify                  Tmut/Erth      12%          52%         4
 Summon Ice Beast         Ice/Summ       12%          52%         4
 Agony                    Necr           12%          86%         5
 Blade Hands              Tmut           6%           86%         5
 Spellforged Servitor     Conj/Summ      26%          95%         7
 Tornado                  Air            42%          99%         9
 Simulacrum               Ice/Necr       6%           100%        6
 Ignition                 Fire           23%          100%        8
 Shatter                  Erth           6%           100%        9


Dungeon Overview and Level Annotations

Branches:
Dungeon (15/15)            Temple (1/1) D:6            Lair (6/6) D:9
  Swamp (1/4) Lair:2       Spider (0/4) Lair:2        Slime (0/5) Lair:6
    Orc (2/2) D:9             Elf (0/3) Orc:2        Vaults (0/5) D:14
 Depths (0/5) D:15

Altars:
Ashenzari
Cheibriados
Dithmenos
Elyvilon
Fedhas
Gozag
Hepliaklqana
Kikubaaqudgha
Makhleb
Nemelex Xobeh
Okawaru
Qazlal
Ru
Sif Muna
Trog
Uskayaw
Vehumet
Wu Jian
Xom
Yredelemnul
Zin
The Shining One
Beogh
Jiyva

Shops:
D:8 (*   D:9 =}:(   Orc:1 (   Orc:2 (?[(:

Annotations:
Lair:5 Adireryl's ghost, journeyman HOFi; Bolunijamo's ghost, journeyman GnFi; Qoypruj's ghost, journeyman MiGl
Swamp:1 Nikola


Innate Abilities, Weirdness & Mutations

You have a beak for a mouth.
You have claws for feet.
You can fly continuously.


Message History

Aim: Nikola, wielding a +1 rapier of electrocution, wearing a +2 cloak of poison resistance and wearing a +0 pair of gloves of dexterity (lightly wounded, chance to affect: 14%)
Okay, then.
You can't see any susceptible monsters within range! (Use Z to cast anyway.) Unknown command.
Unknown command.
Nikola completely misses you.
Aizul is struck by an arc of lightning!
You are struck by an arc of lightning.
Aizul is struck by an arc of lightning!
The lightning grounds out.
Nikola is struck by an arc of lightning.
You are struck by an arc of lightning.
Aizul is struck by an arc of lightning!
The lightning grounds out.
Aizul completely misses you.
You riposte.
You hit Aizul.
Nikola hits you with a +1 rapier of electrocution!
Aizul misses you.
You riposte.
You hit Aizul. Your peck misses Aizul.
Aizul is struck by an arc of lightning!!
The lightning grounds out.
Nikola is struck by an arc of lightning.
The lightning grounds out.
Aizul closely misses you.
Nikola hits you with a +1 rapier of electrocution!!
A swamp dragon comes into view.
Aizul is struck by an arc of lightning!
You are struck by an arc of lightning.
The lightning grounds out.
Nikola is struck by an arc of lightning!
You are struck by an arc of lightning.
* * * LOW HITPOINT WARNING * * *
Nikola is struck by an arc of lightning.
The lightning grounds out.
The swamp dragon roars deafeningly!
Aizul hits you!
* * * LOW HITPOINT WARNING * * *
Nikola points at you and mumbles some strange words.
The bolt of lightning hits you!!
* * * LOW HITPOINT WARNING * * *
The tree smoulders and burns.
Aizul casts a spell at you. The poison arrow misses you.
Blink to where?
As you read the scroll of blinking, it crumbles to dust.
Aim: Aizul (almost dead)
The air twists around and strikes Aizul!
Nikola casts a spell.
You hear a mighty clap of thunder!
The lightning arc hits Aizul!!!
Aizul dies!
The lightning arc hits Nikola!
The lightning arc arcs out of your line of sight!
You hear a mighty clap of thunder!
The lightning arc suddenly appears!
The lightning arc hits Nikola.
The lightning arc hits you!!
You die...

♣≈≈D...≈≈.<..≈♣
♣♣...>.@...♣♣
♣.≈≈≈≈≈§..≈♣
♣≈≈≈≈≈≈≈≈≈.♣
.≈≈.♣....†≈≈≈.♣
≈.♣..§♣♣♣...≈♣♣
..≈..≈♣.....♣♣
♣≈♣♣♣♣≈≈§....♣
≈ ♣..≈≈@..♣♣
♣...≈§≈≈≈≈♣
♣≈...≈≈≈§≈.≈♣
♣≈≈≈≈≈≈≈≈≈≈♣♣
≈.≈≈≈......≈♣
≈≈≈..♣♣♣♣..♣.≈
≈≈≈≈. ♣♣♣♣..
.≈≈≈. ..


You could see Nikola.

Vanquished Creatures
  Gastronok (Lair:3)
  Kirke (Lair:5)
  Snorg (D:13)
  A fire dragon (Lair:6)
  2 ogre magi
  Fannar (D:9)
  4 vault guards (D:14)
  2 catoblepae
  9 hydras
  7 centaur warriors
  2 death knights
  7 two-headed ogres
  A ghost crab (Swamp:1)
  14 death yaks
  Urug (D:13)
  Sonja (Orc:1)
  2 deep elf knights (D:14)
  A fire crab (Lair:6)
  A skeletal warrior (D:13)
  2 unseen horrors (D:14)
  A wizard (D:14)
  2 bog bodies (Lair:2)
  2 phantasmal warriors (D:13)
  Pikel (D:4)
  6 orc knights
  A cyclops (D:11)
  A wolf spider (D:13)
  A deep elf mage (D:14)
  An orc sorcerer (Orc:2)
  4 slime creatures (D:15)
  7 ugly things
  A salamander (shapeshifter) (D:15)
  2 oklob plants (Lair:3)
  A manticore (D:12)
  3 elephants (Lair:6)
  A black mamba (shapeshifter) (D:15)
  6 black mambas
  3 molten gargoyles (Lair:6)
  Maurice (D:11)
  Joseph (D:7)
  4 gargoyles
  A centaur zombie (D:13)
  12 cane toads
  3 rime drakes
  A rime drake (shapeshifter) (D:15)
  2 kobold demonologists
  A redback zombie (D:12)
  2 freezing wraiths (D:13)
  A yaktaur (D:14)
  An efreet (D:13)
  9 komodo dragons
  2 jumping spiders (Lair:2)
  A polar bear (Lair:6)
  A wolf spider simulacrum (D:14)
  4 trolls
  9 blink frogs
  5 dream sheep
  2 centaur simulacra
  3 redbacks (Lair:2)
  A shadow (D:14)
  Sigmund (D:2)
  2 wraiths
  A hog (Lair:5)
  50 yaks
  8 wyverns
  2 steam dragons
  Edmund (D:5)
  6 wargs
  2 acid dragons
  4 hell hounds (Lair:6)
  17 water moccasins
  46 orc warriors
  3 ice beasts
  6 phantoms
  A sky beast (shapeshifter) (D:15)
  4 sky beasts
  An eye of draining (D:13)
  12 ogres
  3 black bears
  A necrophage (D:12)
  10 wolves
  3 boggarts (D:15)
  17 centaurs
  2 big kobolds
  Blork the orc (D:6)
  20 bullfrogs
  A big kobold (shapeshifter) (D:14)
  2 wyvern skeletons
  6 scorpions
  3 killer bees (D:7)
  19 wights
  5 howler monkeys
  An electric eel (D:8)
  3 bullfrog zombies
  5 lava snakes (Lair:6)
  A quasit (D:7)
  21 orc priests
  A bullfrog skeleton (D:8)
  7 hounds
  3 jellies (D:12)
  23 orc wizards
  3 centaur skeletons
  Natasha (thrice) (D:4)
  5 iguanas
  6 hell rats (Lair:4)
  10 worker ants
  A hound skeleton (D:8)
  A worker ant zombie (D:11)
  17 adders
  3 river rats (D:6)
  4 white imps
  An ufetubus (D:7)
  An ooze (D:3)
  An adder skeleton (D:6)
  3 dart slugs (D:2)
  10 leopard geckos
  97 orcs
  3 ball pythons
  4 bats
  A giant cockroach (D:4)
  9 goblins
  10 hobgoblins
  8 jackals
  12 kobolds
  3 quokkas
  5 frilled lizards
  A leopard gecko skeleton (D:5)
  A quokka skeleton (D:4)
  A quokka zombie (D:10)
  9 rats
730 creatures vanquished.

Vanquished Creatures (others)
  Aizul (Swamp:1)
  A goliath frog (Swamp:1)
  A wyvern (Lair:5)
  A human (Lair:5)
  An adder skeleton (D:8)
  An orc (Orc:1)
  79 fungi
  81 plants
  2 withered plants (Lair:5)
168 creatures vanquished.

Grand Total: 898 creatures vanquished

Notes
Turn   | Place    | Note
-------+----------+-------------------------------------------
     0 | D:1      | growler the Tengu Air Elementalist began the quest for the
                  | Orb.
     0 | D:1      | Reached XP level 1. HP: 10/10 MP: 4/4
   707 | D:1      | Reached XP level 2. HP: 15/15 MP: 3/6
   710 | D:1      | Learned a level 2 spell: Swiftness
  1132 | D:2      | Found a glowing golden altar of the Shining One.
  1346 | D:2      | Reached XP level 3. HP: 15/19 MP: 5/7
  1350 | D:2      | Learned a level 3 spell: Static Discharge
  2190 | D:2      | Noticed Sigmund
  2394 | D:3      | Reached XP level 4. HP: 20/24 MP: 3/9
  2479 | D:3      | Found a sacrificial altar of Ru.
  2482 | D:3      | Reached skill level 5 in Air Magic
  2494 | D:3      | Gained mutation: You can fly continuously. [Tengu growth]
  2494 | D:3      | Reached XP level 5. HP: 10/28 MP: 0/10
  2940 | D:3      | Found an ornate altar of the Wu Jian Council.
  3114 | D:3      | Found a hazy altar of Hepliaklqana.
  3510 | D:4      | Learned a level 4 spell: Airstrike
  3779 | D:4      | Reached skill level 6 in Air Magic
  3779 | D:4      | Reached XP level 6. HP: 32/32 MP: 1/12
  4072 | D:4      | Found a blossoming altar of Fedhas.
  4078 | D:4      | Noticed Natasha
  4081 | D:4      | Killed Natasha
  4082 | D:4      | Reached skill level 5 in Conjurations
  4354 | D:4      | Noticed a +0 dagger
  4354 | D:4      | Noticed a +0 hand axe
  4355 | D:4      | Found a hide-covered altar of Uskayaw.
  4726 | D:5      | Entered Level 5 of the Dungeon
  4729 | D:5      | Noticed Pikel
  4746 | D:4      | Killed Pikel
  4747 | D:4      | Reached skill level 7 in Air Magic
  4747 | D:4      | Reached XP level 7. HP: 31/36 MP: 0/15
  4898 | D:5      | Reached skill level 5 in Spellcasting
  4898 | D:5      | Reached XP level 8. HP: 41/41 MP: 7/16
  5053 | D:5      | Found a sacrificial altar of Ru.
  5063 | D:5      | Found a snail-covered altar of Cheibriados.
  5087 | D:5      | Noticed Edmund
  5132 | D:5      | Killed Edmund
  5133 | D:5      | Reached skill level 8 in Air Magic
  5516 | D:5      | Found a bloodstained altar of Trog.
  6531 | D:2      | Killed Sigmund
  6532 | D:2      | Reached skill level 9 in Air Magic
  7006 | D:4      | Noticed Natasha
  7011 | D:4      | Killed Natasha
  7040 | D:4      | Noticed Natasha
  7042 | D:4      | Killed Natasha
  7115 | D:4      | Learned a level 5 spell: Lightning Bolt
  7239 | D:6      | Reached skill level 10 in Air Magic
  7239 | D:6      | Reached XP level 9. HP: 19/45 MP: 0/17
  7506 | D:6      | Found a staircase to the Ecumenical Temple.
  7506 | D:6      | Identified the Handbook of Hexes and the Glacier
  7522 | Temple   | Entered the Ecumenical Temple
  7712 | Temple   | Became a worshipper of Sif Muna the Loreminder
  7717 | Temple   | Learned a level 3 spell: Inner Flame
  7781 | D:6      | Found a sparkling altar of Nemelex Xobeh.
  7931 | D:6      | Reached skill level 1 in Fire Magic
  8028 | D:6      | Reached skill level 1 in Fighting
  8476 | D:6      | Found a radiant altar of Vehumet.
  8556 | D:6      | Noticed Blork the orc
  8584 | D:6      | Killed Blork the orc
  8805 | D:7      | Noticed a cyan ugly thing
  9101 | D:7      | Reached * piety under Sif Muna
  9966 | D:7      | Reached skill level 11 in Air Magic
  9997 | D:7      | Noticed Joseph
 10392 | D:7      | Reached XP level 10. HP: 56/56 MP: 10/19
 10647 | D:7      | Killed Joseph
 10813 | D:7      | Noticed a gargoyle
 11198 | D:7      | Killed a gargoyle
 11199 | D:7      | Reached skill level 5 in Dodging
 11326 | D:7      | Noticed a brown ugly thing
 11562 | D:6      | Found a sparkling altar of Nemelex Xobeh.
 11596 | D:6      | Found a staircase to the Ecumenical Temple.
 11780 | D:6      | Found a radiant altar of Vehumet.
 11802 | D:6      | Killed a cyan ugly thing
 12330 | D:8      | Found a blossoming altar of Fedhas.
 12467 | D:8      | Found Uxaloss's Antique Weapon Shop.
 12504 | D:8      | Reached skill level 5 in Fire Magic
 12614 | D:8      | Found Ipaen's General Store.
 13097 | D:8      | Reached ** piety under Sif Muna
 13254 | D:8      | Found a shadowy altar of Dithmenos.
 13311 | D:8      | Reached skill level 5 in Fighting
 13311 | D:8      | Reached skill level 12 in Air Magic
 13520 | D:8      | Found Soast's Magic Scroll Emporium.
 13957 | D:9      | Noticed a two-headed ogre
 13962 | D:9      | Killed a two-headed ogre
 13963 | D:9      | Reached skill level 1 in Hexes
 14098 | D:9      | Noticed a death yak
 14125 | D:9      | Found Buweuguu's Jewellery Emporium.
 14154 | D:9      | Reached XP level 11. HP: 57/64 MP: 0/21
 14349 | D:9      | Noticed a death yak
 14352 | D:9      | Noticed a death yak
 14358 | D:9      | Killed a death yak
 14362 | D:9      | Killed a death yak
 14566 | D:9      | Found Daepnauda's Book Emporium.
 14574 | D:9      | Found a stormy altar of Qazlal.
 14590 | D:9      | Found a staircase to the Lair.
 14882 | D:9      | Found a white marble altar of Elyvilon.
 15210 | D:9      | Found a sparkling altar of Nemelex Xobeh.
 15210 | D:9      | Found a burning altar of Makhleb.
 15298 | D:9      | Found Jegoipac's Gadget Boutique.
 15636 | D:9      | Reached *** piety under Sif Muna
 15640 | D:9      | Killed a death yak
 16108 | D:9      | Found a staircase to the Orcish Mines.
 16165 | D:9      | Found Kecax's Weapon Shoppe.
 16229 | D:10     | Entered Level 10 of the Dungeon
 16811 | D:10     | Noticed a two-headed ogre
 16831 | D:10     | Killed a two-headed ogre
 17021 | D:10     | Got an opal-encrusted chain mail
 17586 | D:10     | Identified the +5 chain mail "Esuyptaz" {*Slow rCorr Int+6}
                  | (You found it on level 10 of the Dungeon)
 18077 | D:11     | Found a burning altar of Makhleb.
 18924 | D:11     | Noticed a cyclops
 18929 | D:11     | Killed a cyclops
 18930 | D:11     | Reached XP level 12. HP: 44/73 MP: 1/22
 18943 | D:11     | Noticed Maurice
 19355 | D:11     | Killed Maurice
 19735 | Lair:1   | Entered Level 1 of the Lair of Beasts
 19790 | Lair:1   | Reached skill level 10 in Conjurations
 20440 | Lair:1   | Reached **** piety under Sif Muna
 21295 | Lair:2   | Found a hole to the Spider Nest.
 21337 | Lair:2   | Reached skill level 13 in Air Magic
 21676 | Lair:2   | Found a staircase to the Swamp.
 21857 | Lair:2   | Reached skill level 10 in Dodging
 22051 | Lair:2   | Noticed a six-headed hydra
 22062 | Lair:2   | Killed a six-headed hydra
 23197 | Lair:2   | Noticed a five-headed hydra
 23202 | Lair:2   | Killed a five-headed hydra
 23358 | Lair:2   | Noticed an eight-headed hydra
 23363 | Lair:2   | Killed an eight-headed hydra
 23599 | Lair:2   | Reached XP level 13. HP: 80/80 MP: 6/23
 24196 | Lair:2   | Reached skill level 14 in Air Magic
 25498 | Lair:3   | Found a glowing silver altar of Zin.
 25654 | Lair:3   | Reached skill level 10 in Fighting
 26065 | Lair:3   | Noticed Gastronok
 27709 | Lair:3   | Killed Gastronok
 30238 | Lair:4   | Reached skill level 15 in Air Magic
 30243 | Lair:4   | Reached ***** piety under Sif Muna
 30243 | Lair:4   | Received a gift from Sif Muna
 30648 | Lair:4   | Reached XP level 14. HP: 88/88 MP: 1/25
 30847 | Lair:5   | Noticed Kirke
 30851 | Lair:5   | Noticed a sphinx
 30857 | Lair:5   | Killed Kirke
 31102 | Lair:5   | Found a runed translucent gate.
 31102 | Lair:5   | Found a runed translucent gate.
 31102 | Lair:5   | Found a runed translucent gate.
 31102 | Lair:5   | Noticed Qoypruj's ghost (journeyman MiGl)
 31102 | Lair:5   | Noticed Adireryl's ghost (journeyman HOFi)
 31103 | Lair:5   | Noticed Adireryl's ghost (journeyman HOFi)
 31103 | Lair:5   | Noticed Bolunijamo's ghost (journeyman GnFi)
 31915 | Lair:5   | Learned a level 3 spell: Mephitic Cloud
 31918 | Lair:5   | Learned a level 2 spell: Blink
 32839 | Lair:6   | Entered Level 6 of the Lair of Beasts
 32847 | Lair:6   | Reached skill level 1 in Translocations
 35875 | Lair:6   | Found a viscous altar of Jiyva.
 35875 | Lair:6   | Found a staircase to the Slime Pits.
 36238 | Lair:6   | Found a large runed translucent door.
 36238 | Lair:6   | Found a large runed translucent door.
 37952 | Orc:1    | Entered Level 1 of the Orcish Mines
 37952 | Orc:1    | Noticed Fannar
 38330 | D:9      | Killed Fannar
 38539 | Orc:1    | Found Anefual's Weapon Shop.
 38756 | Orc:1    | Reached skill level 1 in Long Blades
 39013 | Orc:2    | Entered Level 2 of the Orcish Mines
 39171 | Orc:2    | Reached XP level 15. HP: 96/96 MP: 28/28
 39414 | Orc:2    | Found a roughly hewn altar of Beogh.
 39415 | Orc:2    | Identified Sif Muna's Guide on Mutagenic Intoxication (Sif
                  | Muna gifted it to you on level 2 of the Orcish Mines)
 39415 | Orc:2    | Received a gift from Sif Muna
 40369 | Orc:2    | Reached skill level 16 in Air Magic
 41155 | Orc:2    | Found Fohach's Antique Weapon Boutique.
 41155 | Orc:2    | Found Yngot's Armour Shoppe.
 41155 | Orc:2    | Found Xiss's Magic Scroll Emporium.
 41158 | Orc:2    | Found Tecim's Book Shop.
 41163 | Orc:2    | Bought a +0 buckler of reflection for 102 gold pieces
 41163 | Orc:2    | Bought a +0 pair of gloves for 54 gold pieces
 41468 | Orc:2    | Found a staircase to the Elven Halls.
 41473 | Orc:2    | Found Gocko's Antique Weapon Shoppe.
 41696 | Orc:1    | Noticed Sonja
 42018 | Orc:1    | Killed Sonja
 42378 | D:9      | Bought a book of Power for 675 gold pieces
 42455 | D:12     | Identified Kugiceh's Almanac of Enthralling Arcane Weapons
                  | (Sif Muna gifted it to you on level 12 of the Dungeon)
 42455 | D:12     | Received a gift from Sif Muna
 42530 | D:12     | You are sucked into a shaft and drop 2 floors!
 42699 | D:14     | Reached skill level 1 in Shields
 44971 | D:14     | Found a gate to the Vaults.
 45096 | D:15     | Entered Level 15 of the Dungeon
 45276 | D:15     | Learned a level 7 spell: Orb of Destruction
 45676 | D:15     | Found a glowing golden altar of the Shining One.
 46984 | D:15     | Found a staircase to the Depths.
 47170 | D:13     | Reached skill level 17 in Air Magic
 47586 | D:13     | Reached XP level 16. HP: 104/104 MP: 21/30
 48480 | D:13     | Identified Sif Muna's Guide on Hurtful Execration (Sif Muna
                  | gifted it to you on level 13 of the Dungeon)
 48480 | D:13     | Received a gift from Sif Muna
 48596 | D:13     | Noticed Urug
 48605 | D:13     | Killed Urug
 50645 | D:13     | Noticed Snorg
 51049 | D:13     | Killed Snorg
 51247 | D:13     | Found the +3 hat of Pondering {ponderous, Will+ MP+10
                  | Int+5}
 51504 | Swamp:1  | Entered Level 1 of the Swamp
 52037 | Swamp:1  | Noticed Nikola
 52038 | Swamp:1  | Noticed Aizul
 52053 | Swamp:1  | Killed Aizul
 52053 | Swamp:1  | Killed from afar by Nikola

Illustrated notes

Levels and vault maps discovered:
D:1:      dpeg_arrival_more_subterranean_lakeside_camping, layout_loops_ring
D:2:      layout_loops_ring, old_standard_altar, kennysheep_minor_cross,
          uniq_sigmund
D:3:      layout_loops_cross, general_overflow_altar,
          pdpol_wu_jian_five_deadly_venoms, nicolae_ru_sacrificial_ziggurat
D:4:      layout_layer_cave, dancing_weapons_uskayaw, fedhas_altar_2,
          uniq_natasha
D:5:      layout_gridville, kennysheep_mini_moat, basic_altar,
          trog_hazing_becter, uniq_pikel, uniq_edmund
D:6:      layout_rooms, kennysheep_mini, minmay_temple_entry_butterflies,
          portal_sewer_entry_e, nemelex_altar_shiori, uniq_blork_the_orc
D:7:      nzn_winding_woodlands_three_and_one
          [nzn_winding_woodlands_5x15_sawtooth,
          nzn_winding_woodlands_5x15_garden, nzn_winding_woodlands_5x15_crooked,
          nzn_winding_woodlands_center_lodge], layout_rooms, uniq_joseph
D:8:      layout_rooms, basic_altar, serial_shops, shop,
          nicolae_shop_waterfront, nicolae_shop_waterfront,
          nicolae_dithmenos_shadow_blocks
D:9:      layout_basic, elyvilon_altar_1, lemuel_doored_altar,
          gammafunk_temple_overflow_wave, dpeg_lair_monsters,
          minmay_orc_entry_guard_dogs, serial_shops, shop_statue, shop_coins,
          shop, nicolae_shop_trees
D:10:     layout_basic
D:11:     layout_gridville, basic_altar, enter_bailey_5, uniq_maurice
D:12:     layout_roguey, minmay_holes, minivault_16
D:13:     minmay_shrinking_squares, layout_loops_cross, uniq_snorg, uniq_urug
D:14:     layout_rooms, grunt_vaults_entry_fortified,
          hangedman_abyss_or_decor_jellyfish_corner
D:15:     gammafunk_enter_depths_forms, layout_stronghold, wad_floor_pattern_2,
          basic_altar, ebering_dispersal_statue_hall
Temple:   minmay_temple_bridge_abc
Lair:1:   layout_loops_ring, enter_volcano_1
Lair:2:   layout_misc_corridors, skrybe_swamp_entry_bodies,
          nicolae_spider_entry_tight_spaces, minivault_27, nzn_random_ring,
          grunt_megastairs_3
Lair:3:   layout_gridlike, eino_small_chamber_without_monster,
          lemuel_oklob_altar, infiniplex_staircase_pool,
          minmay_lair_oklob_chamber, uniq_gastronok
Lair:4:   layout_roguey, lemuel_fruit_tree, grunt_megastairs_2
Lair:5:   layout_cave_pods, gammafunk_ghost_cemetery, lemuel_fruit_fields,
          uniq_kirke
Lair:6:   cheibrodos_lair_end_hotspot, layout_cave_pods,
          dpeg_slime_entry_enclosed_altar
Swamp:1:  layout_basic_swamp, nicolae_swamp_triple_paths, swamp_pool5,
          uniq_aizul, uniq_nikola
Orc:1:    layout_caves, serial_shops, nicolae_shop_window_shopping, uniq_fannar,
          uniq_sonja
Orc:2:    st_orc_rangers, layout_caves, serial_shops, shop_fountains,
          basic_altar, minmay_orc_keep

Skill      XL: |  1  2  3  4  5  6  7  8  9 10 11 12 13 14 15 16 |
---------------+-------------------------------------------------+-----
Conjurations   | 2 3 4 6 7 9 11 12 13 14 | 14.5
Spellcasting   | 3 4 5 6 7 8 9 |  9.0
Air Magic      | 5 6 7 10 11 12 13 15 17 | 17.5
Fire Magic     | 3 6 |  6.0
Fighting       | 3 5 8 9 10 11 13 | 13.4
Dodging        | 4 6 9 10 12 13 | 13.0
Hexes          | 1 3 |  3.0
Translocations | 3 4 |  4.0
Long Blades    | 1 3 |  3.0
Shields        | 4 |  4.0
Stealth        | |  2.0

Action                   |  1- 3 |  4- 6 |  7- 9 | 10-12 | 13-15 | 16-18 || total
-------------------------+-------+-------+-------+-------+-------+-------++-------
Melee: Unarmed           |    16 |       |       |       |       |       ||    16
       Kick              |     2 |     3 |    29 |    54 |    72 |     9 ||   169
       Peck              |     2 |     1 |    14 |    36 |    39 |     7 ||    99
       Dagger            |       |     9 |   116 |       |       |       ||   125
       Staff             |       |       |       |   120 |    69 |       ||   189
       Demon blade       |       |       |       |       |    74 |    31 ||   105
 Cast: Shock             |    60 |    51 |     6 |    18 |    16 |       ||   151
       Static Discharge  |     2 |     8 |    19 |    53 |   172 |    33 ||   287
       Airstrike         |       |     6 |    79 |   257 |   481 |   108 ||   931
       Inner Flame       |       |       |       |     7 |     5 |       ||    12
       Lightning Bolt    |       |       |       |    12 |    45 |     6 ||    63
       Swiftness         |       |       |       |     3 |       |     1 ||     4
       Mephitic Cloud    |       |       |       |       |     4 |       ||     4
Invok: Channel Magic     |       |       |     1 |       |     2 |       ||     3
 Abil: Fly               |       |     1 |       |       |       |       ||     1
Evoke: Wand              |       |       |     2 |     5 |    16 |     1 ||    24
  Use: Scroll            |     8 |     1 |    11 |       |    17 |     2 ||    39
       Potion            |     1 |       |       |       |     1 |       ||     2
 Stab: Sleeping          |       |     2 |     2 |       |     1 |       ||     5
Armor: Robe              |    12 |     9 |    21 |    10 |     9 |       ||    61
       Ring mail         |       |       |       |     1 |       |       ||     1
       Leather armour    |       |       |       |       |    36 |    12 ||    48
Dodge: Dodged            |    10 |    24 |   170 |   295 |   781 |    93 ||  1373
Block: Buckler           |       |       |       |       |    12 |    21 ||    33
       Reflection        |       |       |       |       |       |     2 ||     2
       Rpst.: Demon blade |       |       |       |       |    71 |    13 ||    84
